AoeStats
← KDPC

Arabia

503368817Analyzed
2v2 RM · 1mo ago on Aug 31, 2026· 18m 37s· 4 players
Game mode
Random Map
Map size
Medium (4 player)
Population
200
Speed
Normal
Resources
Standard
Victory
Conquest
Starting age
Dark Age
Ending age
Imperial Age
RankedLock teamsTeams togetherTeam positionsShared explorationLock speedFull tech treeHidden civsTurbo modeCheats
Victory
Defeat
🇸🇰 Japanese · Slovakia
656
+16
🇸🇰 Lithuanians · Slovakia
654
+16
🇨🇳 Turks · China
669
-17
🇺🇾 Spanish · Uruguay
637
-27
KDPC
1:35 Loom
oncemore
4:21 Loom
9:43 Feudal Age
10:09 Double-Bit Axe
16:03 Horse Collar
knarf
9:38 Loom
13:15 Feudal Age
14:37 Double-Bit Axe
14:35 Horse Collar
Mañana
2:21 Loom
2:36 Loom
6:59 Loom
9:48 Feudal Age
10:19 Man-at-Arms
Connection lost

Rejoining the realm…

Still unreachable

The connection could not be restored.

Session expired

The server has moved on; the page needs a fresh start.